[Event "Titled Tuesday Blitz December 27 Early 2022"]
[White "Kazancev, Valerij M"]
[Black "Morefield, Jason"]
[WhiteFideId "4179609"]
[BlackFideId "30920825"]
[WhiteElo "2313"]
[BlackElo "2167"]
[Result "1/2-1/2"]
[Round "02"]
[TimeControl "180+2"]
[Date "2022.12.27"]
[WhiteClock "0:01:00"]
[BlackClock "0:00:28"]

1. c4 e5 2. Nc3 Bb4 3. Qb3 a5 4. a3 Bxc3 5. Qxc3 Nc6 6. b3 Nf6 7. Bb2 O-O 8. e3 d5 9. cxd5 Qxd5 10. Nf3 e4 11. Bc4 Qh5 12. Ne5 Nxe5 13. Qxe5 Qg6 14. Qxc7 Bg4 15. Qg3 Rad8 16. f3 exf3 17. gxf3 Be6 18. Qxg6 hxg6 19. Rc1 Rfe8 20. Bxe6 Rxe6 21. Bxf6 gxf6 22. Ke2 f5 23. Rc7 Rb6 24. Rb1 Kg7 25. b4 Rh8 26. Rc5 Rxh2+ 27. Kd3 Rd6+ 28. Kc4 b6 29. Rd5 Rxd5 30. Kxd5 Rxd2+ 31. Kc6 axb4 32. axb4 Rd3 33. Re1 f4 34. exf4 Rxf3 35. Re4 f5 36. Rd4 Kf6 37. Kxb6 g5 38. fxg5+ Kxg5 39. b5 f4 40. Ka7 Ra3+ 41. Kb7 f3 42. Rd8 Ra4 43. Rg8+ Kh4 44. Rf8 Kg3 45. Rxf3+ Kxf3 46. b6 Ke4 47. Kc6 Rc4+ 48. Kd6 Rb4 49. Kc7 Kd5 50. b7 Rc4+ 51. Kd7 Rb4 52. Kc7 Rxb7+ 53. Kxb7 1/2-1/2


[Site "https://www.chess.com"]

[Event "Titled Tuesday Blitz December 27 Early 2022"]
[White "Khoroshev, Nikita"]
[Black "Begunov, Konstantin"]
[WhiteFideId "14200287"]
[BlackFideId "4118510"]
[WhiteElo "2336"]
[BlackElo "2325"]
[Result "1/2-1/2"]
[Round "02"]
[TimeControl "180+2"]
[Date "2022.12.27"]
[WhiteClock "0:00:07"]
[BlackClock "0:00:09"]

1. e4 c5 2. c3 Nf6 3. e5 Nd5 4. d4 cxd4 5. Nf3 Nc6 6. cxd4 d6 7. Bc4 Nb6 8. Bb3 d5 9. h3 Bf5 10. O-O e6 11. Qe2 Be7 12. Rd1 Rc8 13. Nbd2 O-O 14. Nf1 Na5 15. Ng3 Bg6 16. Be3 Nxb3 17. axb3 Rc2 18. Rd2 Rxd2 19. Qxd2 Nc8 20. Bg5 Qb6 21. Bxe7 Nxe7 22. Qe3 Rc8 23. h4 h6 24. h5 Bh7 25. Rc1 Rxc1+ 26. Qxc1 Nc6 27. Qc3 Be4 28. Nd2 Qxd4 29. Ngxe4 dxe4 30. Qxd4 Nxd4 31. Nxe4 Nxb3 32. Nd6 Nc5 33. b4 Nd3 34. Nxb7 Nxb4 35. f4 Nd3 36. g3 Kf8 37. Kf1 Ke7 38. Ke2 Nb4 39. Ke3 Nc6 40. Ke4 f6 41. Nc5 a5 42. Na4 fxe5 43. fxe5 Nb4 44. Kd4 Nd5 45. Kc5 Ne3 46. Nc3 Nf5 47. Ne4 a4 48. Kb4 Nd4 49. Kxa4 Nf3 50. Kb4 Nxe5 51. Kc3 Nd7 52. Kd4 Nf6 53. Nf2 Nxh5 54. g4 Nf6 55. Ke5 g6 56. Kf4 g5+ 57. Ke5 Nd7+ 58. Kd4 Nb6 59. Ke5 Nd5 60. Nd3 Nf4 61. Nf2 Ng6+ 62. Kd4 Kf6 63. Ne4+ Ke7 64. Nf2 Nf4 65. Ke4 Kf6 66. Kf3 e5 67. Ne4+ Ke6 68. Ng3 Nd5 69. Nf5 h5 70. Ng7+ Kf6 71. Nxh5+ Kg6 72. Ng3 Nf6 73. Nf5 e4+ 74. Kg3 Nxg4 75. Kxg4 e3 76. Nxe3 Kf6 77. Nd5+ Kg6 78. Nf4+ Kf7 79. Kxg5 1/2-1/2


[Site "https://www.chess.com"]

[Event "Titled Tuesday Blitz December 27 Early 2022"]
[White "Kleiman, Jake"]
[Black "Bashirli, Saadat"]
[WhiteFideId "2020041"]
[BlackFideId "13429990"]
[WhiteElo "2399"]
[BlackElo "1571"]
[Result "1-0"]
[Round "02"]
[TimeControl "180+2"]
[Date "2022.12.27"]
[WhiteClock "0:02:41"]
[BlackClock "0:02:22"]

1. Nf3 d5 2. g3 Nf6 3. Bg2 Bg4 4. O-O e6 5. d3 Bd6 6. Nbd2 O-O 7. e4 dxe4 8. dxe4 Nc6 9. c3 Ne5 10. Qe2 Bc5 11. h3 Bxf3 12. Nxf3 Nxf3+ 13. Bxf3 Qd6 14. e5 Qd7 15. exf6 gxf6 16. Bh6 Rfe8 17. Bc6 1-0


[Site "https://www.chess.com"]

[Event "Titled Tuesday Blitz December 27 Early 2022"]
[White "Klose, Eli"]
[Black "Beerdsen, Thomas"]
[WhiteFideId "16242955"]
[BlackFideId "1030108"]
[WhiteElo "1519"]
[BlackElo "2507"]
[Result "1-0"]
[Round "02"]
[TimeControl "180+2"]
[Date "2022.12.27"]
[WhiteClock "0:00:40"]
[BlackClock "0:00:01"]

1. e4 b6 2. d4 Bb7 3. Bd3 e6 4. c3 c5 5. Nf3 cxd4 6. cxd4 Nf6 7. Nc3 Bb4 8. Qe2 O-O 9. O-O Bxc3 10. bxc3 Qc7 11. Bg5 Kh8 12. Rac1 Ng8 13. Bh4 d6 14. Bg3 Nd7 15. e5 Bxf3 16. Qxf3 dxe5 17. dxe5 Nh6 18. Bf4 Ng8 19. Rfe1 Rad8 20. Qh3 g6 21. Bb1 f5 22. Qg3 Ne7 23. h4 Nd5 24. Bg5 f4 25. Qh3 Qc6 26. h5 Rg8 27. hxg6 Nf8 28. Bxd8 Nxg6 29. Bf6+ Nxf6 30. exf6 e5 31. f7 Rf8 32. Bxg6 Qxg6 33. Rxe5 Rxf7 34. Rce1 f3 35. Re8+ Kg7 36. R8e7 Qf6 37. Qg4+ Kf8 38. Re8# 1-0


[Site "https://www.chess.com"]

[Event "Titled Tuesday Blitz December 27 Early 2022"]
[White "Korobov, Anton"]
[Black "Derjabin, Ilja"]
[WhiteFideId "14105730"]
[BlackFideId "14104768"]
[WhiteElo "2664"]
[BlackElo "2333"]
[Result "1-0"]
[Round "02"]
[TimeControl "180+2"]
[Date "2022.12.27"]
[WhiteClock "0:01:00"]
[BlackClock "0:00:04"]

1. d4 Nf6 2. Nf3 c5 3. c3 g6 4. dxc5 Bg7 5. Nbd2 O-O 6. b4 a5 7. Bb2 b6 8. cxb6 Qxb6 9. Qb3 Nc6 10. Nc4 Qa7 11. b5 a4 12. Qa3 Na5 13. e3 Nxc4 14. Bxc4 d5 15. Be2 Ne4 16. O-O Bg4 17. c4 dxc4 18. Bxg7 Kxg7 19. Bxc4 Bxf3 20. gxf3 Ng5 21. Bd5 Rad8 22. Rfd1 Qc7 23. Qxa4 Rxd5 24. Rxd5 Nxf3+ 25. Kg2 Qb7 26. Rad1 Ng5 27. Qa6 Qc8 28. Qxc8 1-0


[Site "https://www.chess.com"]

[Event "Titled Tuesday Blitz December 27 Early 2022"]
[White "Koutlas, Nikolaos"]
[Black "Bryakin, Mikhail"]
[WhiteFideId "25827138"]
[BlackFideId "4165314"]
[WhiteElo "2341"]
[BlackElo "2455"]
[Result "1-0"]
[Round "02"]
[TimeControl "180+2"]
[Date "2022.12.27"]
[WhiteClock "0:01:02"]
[BlackClock "0:01:31"]

1. Nf3 Nf6 2. g3 g6 3. Bg2 Bg7 4. O-O O-O 5. d3 c5 6. c4 Nc6 7. Nc3 d5 8. cxd5 Nxd5 9. Bd2 b6 10. Nxd5 Qxd5 11. Ne5 Qxe5 12. Bxc6 Bh3 13. Bc3 Bxf1 14. Bxe5 Bxe5 15. Bxa8 Bh3 16. Bg2 Be6 17. b3 Bxa1 18. Qxa1 Rd8 19. Qe5 Rd6 20. Qe4 Rd7 21. Qa8+ Kg7 22. Bc6 Rc7 23. Bd5 Bh3 24. Qb8 Rd7 25. Bc6 Rd6 26. Bg2 Bg4 27. Qxa7 Bxe2 28. Qxe7 Re6 29. Qd8 Bd1 30. h3 Re1+ 31. Kh2 Re2 32. Qxb6 Rxf2 33. Qxc5 Rxa2 34. Qd5 Kg8 35. b4 Rb2 36. b5 h5 37. b6 Bb3 38. Qd8+ Kh7 39. b7 1-0


[Site "https://www.chess.com"]

[Event "Titled Tuesday Blitz December 27 Early 2022"]
[White "Kowalczyk, Pawel"]
[Black "Khubukshanov, Erdem"]
[WhiteFideId "1130641"]
[BlackFideId "54114527"]
[WhiteElo "2332"]
[BlackElo "2382"]
[Result "1-0"]
[Round "02"]
[TimeControl "180+2"]
[Date "2022.12.27"]
[WhiteClock "0:00:50"]
[BlackClock "0:00:01"]

1. d4 Nf6 2. Bf4 c5 3. e3 Qb6 4. Nc3 g6 5. Nf3 Bg7 6. Be2 O-O 7. O-O d6 8. Na4 Qc6 9. c4 cxd4 10. exd4 Bf5 11. d5 Qd7 12. Nd4 Na6 13. h3 Ne4 14. g4 e5 15. dxe6 Bxe6 16. Nb5 d5 17. Bf3 dxc4 18. Qxd7 Bxd7 19. Bxe4 Bxb5 20. Nc3 Bc6 21. Bxc6 bxc6 22. Na4 Rfe8 23. Rac1 Re4 24. Be3 Nb4 25. Rfd1 Nxa2 26. Ra1 Nb4 27. Rd7 Nd5 28. Bxa7 c3 29. bxc3 Nxc3 30. Nxc3 Bxc3 31. Rc1 Be5 32. Rxc6 Re8 33. Kg2 Ra4 34. Be3 Kg7 35. Rb6 Rf8 36. Rbb7 1-0


[Site "https://www.chess.com"]

[Event "Titled Tuesday Blitz December 27 Early 2022"]
[White "Kozak, Antoni"]
[Black "Tactrics"]
[WhiteFideId "21832030"]
[WhiteElo "2422"]
[BlackElo "2976"]
[Result "0-1"]
[Round "02"]
[TimeControl "180+2"]
[Date "2022.12.27"]
[WhiteClock "0:00:06"]
[BlackClock "0:00:14"]

1. d4 Nf6 2. Nf3 e6 3. Bf4 b6 4. e3 Bb7 5. Bd3 Be7 6. O-O Nh5 7. Nbd2 d6 8. h3 Nxf4 9. exf4 g6 10. Re1 O-O 11. Be4 c6 12. c3 Nd7 13. Nh2 Bf6 14. g3 Bg7 15. Bg2 Qc7 16. Nhf3 Rac8 17. Qa4 a6 18. Rad1 b5 19. Qa3 c5 20. Ne4 Bxe4 21. Rxe4 Qb6 22. Ree1 b4 23. Qa4 Nf6 24. dxc5 dxc5 25. Ne5 Rfd8 26. Bf3 Nd5 27. c4 Ne7 28. Rxd8+ Rxd8 29. Rd1 Rxd1+ 30. Qxd1 Nf5 31. Qd7 Bxe5 32. fxe5 Qb8 33. g4 Nd4 34. Bb7 Qxe5 35. Bxa6 Qe1+ 36. Kg2 Qe4+ 37. Kg1 Ne2+ 38. Kh2 Qe5+ 39. Kg2 Nf4+ 40. Kf3 g5 41. Qd2 Qc7 42. Bb5 f5 43. gxf5 exf5 44. Qd7 Qe5 45. Qe8+ Qxe8 46. Bxe8 Nd3 47. a4 Nxb2 48. a5 Nxc4 49. a6 Nb6 50. a7 Kg7 51. Bc6 Kf6 52. Ke3 Ke5 53. Kd3 c4+ 54. Kc2 Kd4 55. Bd7 f4 56. Bf5 h5 57. Bg6 h4 58. Bh5 b3+ 59. Kb2 Kd3 60. Bf3 Kd2 61. a8=Q Nxa8 62. Bxa8 c3+ 0-1


[Site "https://www.chess.com"]

[Event "Titled Tuesday Blitz December 27 Early 2022"]
[White "Kravtsiv, Martyn"]
[Black "Vovk, Orest"]
[WhiteFideId "14113147"]
[BlackFideId "14113490"]
[WhiteElo "2598"]
[BlackElo "2315"]
[Result "1-0"]
[Round "02"]
[TimeControl "180+2"]
[Date "2022.12.27"]
[WhiteClock "0:00:36"]
[BlackClock "0:00:02"]

1. e4 g5 2. d4 g4 3. Qxg4 d5 4. Qh4 dxe4 5. Nc3 Nf6 6. Bg5 Qxd4 7. Rd1 Qe5 8. Be2 Rg8 9. Bxf6 Qxf6 10. Nd5 Qe5 11. Qxh7 Rxg2 12. Qxe4 Rxg1+ 13. Rxg1 Qd6 14. Rg8 Nc6 15. Nb6 Qxh2 16. Nxa8 Be6 17. Rg3 1-0


[Site "https://www.chess.com"]

[Event "Titled Tuesday Blitz December 27 Early 2022"]
[White "Kvaloy, Aksel Bu"]
[Black "Lauridsen, Jesper Morch"]
[WhiteFideId "1528815"]
[BlackFideId "1401890"]
[WhiteElo "2321"]
[BlackElo "2309"]
[Result "1-0"]
[Round "02"]
[TimeControl "180+2"]
[Date "2022.12.27"]
[WhiteClock "0:00:39"]
[BlackClock "0:00:06"]

1. d4 Nf6 2. c4 c5 3. d5 e6 4. Nc3 exd5 5. cxd5 d6 6. Nf3 g6 7. g3 Bg7 8. Bg2 O-O 9. O-O Re8 10. Nd2 Nbd7 11. a4 Rb8 12. Nc4 Nb6 13. Qb3 Nxc4 14. Qxc4 b6 15. Bf4 Nh5 16. Bd2 Bg4 17. f3 Bd4+ 18. e3 Qg5 19. exd4 Qxd2 20. fxg4 cxd4 21. gxh5 Rbc8 22. Qb4 dxc3 23. bxc3 Re2 24. Bf3 Rxh2 25. Qd4 Qb2 26. Rab1 Qc2 27. hxg6 hxg6 28. Qe4 Qd2 29. Rbd1 Qh6 30. Bg2 Rxc3 31. Qe8+ Kh7 32. Rxf7+ Qg7 33. Rxg7+ 1-0


[Site "https://www.chess.com"]

[Event "Titled Tuesday Blitz December 27 Early 2022"]
[White "Lavrov, Maxim"]
[Black "Koridze, Lile"]
[WhiteFideId "4166418"]
[BlackFideId "13612514"]
[WhiteElo "2376"]
[BlackElo "2191"]
[Result "1-0"]
[Round "02"]
[TimeControl "180+2"]
[Date "2022.12.27"]
[WhiteClock "0:01:32"]
[BlackClock "0:01:26"]

1. Nf3 Nf6 2. g3 d5 3. Bg2 c5 4. O-O Nc6 5. d3 g6 6. Nbd2 Bg7 7. e4 dxe4 8. dxe4 O-O 9. Qe2 Qc7 10. e5 Ng4 11. Nc4 b5 12. Ne3 Ngxe5 13. Nxe5 Bxe5 14. Qxb5 Bd7 15. Qxc5 Rab8 16. Nd5 Qd6 17. Qxd6 Bxd6 18. c3 Ne5 19. Bg5 f6 20. Bh6 Rfc8 21. b3 g5 22. f4 Nf7 23. fxg5 fxg5 24. Nxe7+ Bxe7 25. Bd5 Be8 26. Rae1 Rc7 27. h4 Rd8 28. Be6 Bc5+ 29. Kg2 Bc6+ 30. Kh3 Rd2 31. Bxg5 Bd7 32. Bxd2 1-0


[Site "https://www.chess.com"]

[Event "Titled Tuesday Blitz December 27 Early 2022"]
[White "Lehtosaari, Mauri"]
[Black "Starozhilov, Leonid"]
[WhiteFideId "501999"]
[BlackFideId "14106752"]
[WhiteElo "2176"]
[BlackElo "2313"]
[Result "0-1"]
[Round "02"]
[TimeControl "180+2"]
[Date "2022.12.27"]
[WhiteClock "0:00:04"]
[BlackClock "0:01:28"]

1. d4 Nf6 2. Nf3 g6 3. e3 Bg7 4. c4 O-O 5. Be2 d6 6. O-O Nc6 7. d5 Nb4 8. a3 Na6 9. Nc3 Nc5 10. Nd2 a5 11. e4 a4 12. Qc2 e5 13. Re1 h6 14. Nf1 Bd7 15. Be3 b6 16. f3 Nh7 17. Qd2 h5 18. Rab1 f5 19. Bh6 f4 20. Bxg7 Kxg7 21. Bd1 g5 22. Qf2 Nd3 23. Qd2 Nxe1 24. Qxe1 g4 25. Kf2 Ng5 26. Nd2 Kh6 27. Qh1 Rg8 28. Be2 Qf6 29. Ke1 gxf3 30. Nxf3 Nxf3+ 31. Bxf3 Bg4 32. Qf1 Qh4+ 33. Ke2 Qxh2 34. Qf2 Bxf3+ 35. Qxf3 Rxg2+ 0-1


[Site "https://www.chess.com"]

[Event "Titled Tuesday Blitz December 27 Early 2022"]
[White "Lenderman, Aleksandr"]
[Black "Suleymanli, Suleyman"]
[WhiteFideId "2021285"]
[BlackFideId "13416375"]
[WhiteElo "2572"]
[BlackElo "2269"]
[Result "1-0"]
[Round "02"]
[TimeControl "180+2"]
[Date "2022.12.27"]
[WhiteClock "0:02:00"]
[BlackClock "0:00:52"]

1. Nf3 d5 2. e3 Nf6 3. c4 c6 4. Nc3 Bf5 5. cxd5 cxd5 6. Qb3 Qd7 7. Ne5 Qc7 8. d4 e6 9. e4 Nxe4 10. Bf4 Nxc3 11. Rc1 Bd6 12. Rxc3 Nc6 13. Nxc6 bxc6 14. Rxc6 Bb4+ 15. Qxb4 Qxf4 16. Bb5 Qe4+ 17. Kf1 f6 18. Rc7+ 1-0


[Site "https://www.chess.com"]

[Event "Titled Tuesday Blitz December 27 Early 2022"]
[White "Lorenzo De La Riva, Lazaro"]
[Black "Thomforde-Toates, Noah"]
[WhiteFideId "2268809"]
[BlackFideId "30951992"]
[WhiteElo "2404"]
[BlackElo "2124"]
[Result "1-0"]
[Round "02"]
[TimeControl "180+2"]
[Date "2022.12.27"]
[WhiteClock "0:00:40"]
[BlackClock "0:00:17"]

1. e4 d6 2. d4 Nf6 3. Bd3 Nc6 4. c3 g6 5. Nf3 Bg7 6. O-O O-O 7. Re1 e5 8. h3 a6 9. a4 exd4 10. cxd4 Re8 11. Nc3 h6 12. Be3 Nd7 13. Rc1 a5 14. Bb1 Nb4 15. Qd2 Kh7 16. h4 Nb6 17. b3 Bg4 18. h5 Bxh5 19. Nh2 Qh4 20. f3 g5 21. g4 Bg6 22. Qg2 c5 23. Nb5 cxd4 24. Bf2 Qxf2+ 25. Qxf2 d5 26. Nxd4 dxe4 27. fxe4 Nd7 28. Nf5 Ne5 29. Nxg7 Kxg7 30. Rc7 Rad8 31. Qe2 Rd4 32. Nf3 Nxf3+ 33. Qxf3 Red8 34. Rf1 Nc6 35. Rxf7+ Bxf7 36. Qxf7+ Kh8 37. Qf6+ Kg8 38. Qg6+ Kh8 39. Qxh6+ Kg8 40. Qxg5+ Kh8 41. e5 R4d7 42. e6 Rg7 43. Qh5+ Kg8 44. Rf7 Rd1+ 45. Kf2 Rxb1 46. Rxg7+ Kxg7 47. Qg5+ Kf8 48. Qf5+ Ke7 49. Qxb1 Kxe6 50. Qe4+ Ne5 51. g5 Kd6 52. Kg3 Ke6 53. Kf4 Kd6 54. Qxe5+ 1-0


[Site "https://www.chess.com"]

[Event "Titled Tuesday Blitz December 27 Early 2022"]
[White "Magallanes, Rey Jomar"]
[Black "Andreev, Eduard"]
[WhiteFideId "5205948"]
[BlackFideId "14103400"]
[WhiteElo "2052"]
[BlackElo "2413"]
[Result "0-1"]
[Round "02"]
[TimeControl "180+2"]
[Date "2022.12.27"]
[WhiteClock "0:00:13"]
[BlackClock "0:01:02"]

1. e4 c6 2. d4 d5 3. e5 c5 4. Nf3 Nc6 5. dxc5 Bg4 6. Be3 e6 7. c3 Bxf3 8. Qxf3 Nxe5 9. Bb5+ Nc6 10. O-O Nf6 11. b4 Be7 12. Nd2 O-O 13. Rad1 Qc7 14. Nb3 Ne4 15. Rc1 Bf6 16. c4 Nxb4 17. cxd5 exd5 18. a3 Nc6 19. Bxc6 bxc6 20. Bd4 Bxd4 21. Nxd4 Nd2 22. Qg4 Nxf1 23. Nf5 g6 24. Nh6+ Kh8 25. Rxf1 Qe5 26. Qf3 Kg7 27. Ng4 Qb2 28. h4 h5 29. Ne3 Rae8 30. Qg3 Qf6 31. Rb1 Re4 32. Re1 Rfe8 33. Re2 d4 34. Nf5+ Qxf5 35. Rxe4 Rxe4 36. Qb8 Re2 37. Qg8+ Kxg8 38. f3 Qf4 39. g3 Qxg3+ 40. Kf1 Qf2# 0-1


[Site "https://www.chess.com"]

[Event "Titled Tuesday Blitz December 27 Early 2022"]
[White "Mahdavi, Reza"]
[Black "Jiganchine, Roman"]
[WhiteFideId "12595926"]
[BlackFideId "2603667"]
[WhiteElo "2339"]
[BlackElo "2205"]
[Result "1-0"]
[Round "02"]
[TimeControl "180+2"]
[Date "2022.12.27"]
[WhiteClock "0:01:21"]
[BlackClock "0:00:06"]

1. d4 d5 2. c4 e6 3. Nc3 Nf6 4. Nf3 c5 5. cxd5 cxd4 6. Qxd4 exd5 7. Bg5 Be7 8. e3 O-O 9. Qa4 Be6 10. Bd3 h6 11. Bh4 Nc6 12. O-O Qb6 13. Ne2 Rfd8 14. a3 Rac8 15. b4 g5 16. Bg3 Ne4 17. Rac1 Bf6 18. b5 Nxg3 19. hxg3 Ne5 20. Nxe5 Bxe5 21. Nd4 Bxd4 22. exd4 Kg7 23. Qb4 Rc7 24. Rc5 Rdc8 25. Rfc1 h5 26. a4 a5 27. Qc3 Rxc5 28. dxc5+ 1-0


[Site "https://www.chess.com"]

[Event "Titled Tuesday Blitz December 27 Early 2022"]
[White "Majdan, Joanna"]
[Black "Bachmann, Axel"]
[WhiteFideId "1121979"]
[BlackFideId "3700488"]
[WhiteElo "2306"]
[BlackElo "2604"]
[Result "0-1"]
[Round "02"]
[TimeControl "180+2"]
[Date "2022.12.27"]
[WhiteClock "0:00:05"]
[BlackClock "0:00:05"]

1. e4 g6 2. d4 Bg7 3. Nc3 c6 4. f4 d5 5. e5 h5 6. Nf3 Nh6 7. h3 Nf5 8. Bd3 Ng3 9. Rg1 Bf5 10. Be3 Bxd3 11. Qxd3 e6 12. O-O-O h4 13. Ne2 Nf5 14. Ng5 Bf8 15. g4 hxg3 16. Nxg3 Nh4 17. f5 gxf5 18. Rdf1 Na6 19. Ne2 Be7 20. Nf3 Nxf3 21. Rxf3 Qa5 22. Rg7 Nb4 23. Qb3 Qxa2 24. Qxa2 Nxa2+ 25. Kb1 Nb4 26. c3 Na6 27. Nf4 Bf8 28. Rg2 O-O-O 29. Rfg3 Bh6 30. Kc2 Nb8 31. b4 Nd7 32. Kd3 Nb6 33. Ne2 Bxe3 34. Rxe3 Rh4 35. Reg3 Rdh8 36. Ng1 Kd7 37. Rg8 Ke7 38. R8g7 Nc4 39. Kc2 b6 40. Kd3 a5 41. Nf3 Rxh3 42. R7g3 f4 43. Rxh3 Rxh3 44. Ke2 a4 45. Rg7 a3 46. Ng5 Rh2+ 47. Kf3 a2 48. Rxf7+ Ke8 49. Ra7 Na5 50. bxa5 a1=Q 51. axb6 Qd1+ 52. Kxf4 Qd2+ 53. Kg4 Rg2+ 54. Kh3 Qxg5 55. Ra8+ Kf7 56. Ra7+ Kg6 0-1


[Site "https://www.chess.com"]

[Event "Titled Tuesday Blitz December 27 Early 2022"]
[White "Marin Ramirez, Gerardo"]
[Black "Osinovsky, Stepan"]
[WhiteFideId "3901068"]
[BlackFideId "4157354"]
[WhiteElo "2127"]
[BlackElo "2241"]
[Result "1-0"]
[Round "02"]
[TimeControl "180+2"]
[Date "2022.12.27"]
[WhiteClock "0:00:51"]
[BlackClock "0:00:02"]

1. d4 Nf6 2. Nf3 g6 3. c4 Bg7 4. Nc3 O-O 5. g3 d6 6. Bg2 Nbd7 7. O-O e5 8. Qc2 Re8 9. Rd1 Qe7 10. e3 c6 11. b3 a6 12. Ba3 exd4 13. Nxd4 Nc5 14. h3 Nfe4 15. Nxe4 Nxe4 16. Rac1 c5 17. Bxe4 cxd4 18. Bg2 dxe3 19. Bxd6 exf2+ 20. Qxf2 Qg5 21. Bf4 Qh5 22. Rd5 Qe2 23. Qxe2 Rxe2 24. Rd8+ 1-0


[Site "https://www.chess.com"]

[Event "Titled Tuesday Blitz December 27 Early 2022"]
[White "Martinez Alcantara, Jose Eduardo"]
[Black "Lewtak, Damian"]
[WhiteFideId "3805662"]
[BlackFideId "1141724"]
[WhiteElo "2619"]
[BlackElo "2381"]
[Result "1-0"]
[Round "02"]
[TimeControl "180+2"]
[Date "2022.12.27"]
[WhiteClock "0:02:33"]
[BlackClock "0:01:52"]

1. e4 c6 2. d3 d5 3. Nd2 g6 4. Ngf3 Bg7 5. g3 e5 6. Bg2 Nd7 7. O-O Ngf6 8. Re1 d4 9. Nc4 Qe7 10. c3 c5 11. cxd4 exd4 12. e5 Nd5 13. Nd6+ Kf8 14. Ng5 Nc7 15. Ndxf7 Nxe5 16. Nxh8 1-0


[Site "https://www.chess.com"]

[Event "Titled Tuesday Blitz December 27 Early 2022"]
[White "Martynov, Pavel"]
[Black "Jimenez, Joaquin"]
[WhiteFideId "4101260"]
[BlackFideId "109860"]
[WhiteElo "2414"]
[BlackElo "2195"]
[Result "0-1"]
[Round "02"]
[TimeControl "180+2"]
[Date "2022.12.27"]
[WhiteClock "0:00:00"]
[BlackClock "0:01:05"]

1. e4 e6 2. d4 d5 3. Nc3 Nf6 4. Bg5 dxe4 5. Nxe4 Be7 6. Ng3 c5 7. dxc5 Qa5+ 8. Qd2 Qxc5 9. Be3 Qc7 10. Bb5+ Nc6 11. Nf3 Bd7 12. O-O Rd8 13. Rad1 a6 14. Bd3 O-O 15. c3 Ne5 16. Nxe5 Qxe5 17. Bb6 Rc8 18. Bd4 Qa5 19. Qc2 Bb5 20. Bxf6 Bxf6 21. Bxh7+ Kh8 22. Rfe1 Qxa2 23. Be4 Ba4 24. b3 Qxc2 25. Bxc2 Rxc3 26. bxa4 Rxc2 27. Rd7 Rb2 28. Ne4 Rc8 29. g4 Kg8 30. Nd6 Rcc2 31. Rxf7 Rxf2 0-1


[Site "https://www.chess.com"]

[Event "Titled Tuesday Blitz December 27 Early 2022"]
[White "Mathieu, Phileas"]
[Black "Makhmudov, Shukhrat"]
[WhiteFideId "36048410"]
[BlackFideId "14200775"]
[WhiteElo "2374"]
[BlackElo "2115"]
[Result "1-0"]
[Round "02"]
[TimeControl "180+2"]
[Date "2022.12.27"]
[WhiteClock "0:01:13"]
[BlackClock "0:00:30"]

1. d4 Nf6 2. c4 e6 3. Nf3 d5 4. g3 c6 5. Bg2 Bb4+ 6. Bd2 Be7 7. O-O O-O 8. Nc3 Nbd7 9. Re1 dxc4 10. e4 b5 11. h4 Bb7 12. Bg5 a6 13. e5 Nd5 14. Ne4 f6 15. exf6 N7xf6 16. Nc5 Bxc5 17. dxc5 Qe7 18. Nd4 e5 19. b4 Nxb4 20. Nf5 Qxc5 21. Be3 Rfd8 22. Bxc5 Rxd1 23. Raxd1 Nd3 24. Rxd3 cxd3 25. Nd6 Bc8 26. Bxc6 Rb8 27. Rd1 Bf5 28. Nxf5 e4 29. Nd6 1-0


[Site "https://www.chess.com"]

[Event "Titled Tuesday Blitz December 27 Early 2022"]
[White "Matinian, Nikita"]
[Black "Bas Mas, Jose Joaquin"]
[WhiteFideId "24129100"]
[BlackFideId "22219064"]
[WhiteElo "2407"]
[BlackElo "2197"]
[Result "1-0"]
[Round "02"]
[TimeControl "180+2"]
[Date "2022.12.27"]
[WhiteClock "0:00:06"]
[BlackClock "0:00:02"]

1. e4 c5 2. Nf3 d6 3. d4 cxd4 4. Nxd4 Nf6 5. Nc3 Nc6 6. Bg5 e6 7. Qd3 a6 8. O-O-O Bd7 9. f4 Be7 10. Qg3 b5 11. Nxc6 Bxc6 12. e5 Nd5 13. Bxe7 Qxe7 14. Qxg7 O-O-O 15. Nxd5 Bxd5 16. exd6 Qxd6 17. Qd4 Rhg8 18. Rg1 Kb7 19. g3 Qc6 20. Qf2 Bxa2 21. Bg2 Bd5 22. Bxd5 Rxd5 23. Rxd5 Qxd5 24. Rd1 Qc6 25. Qd4 Rc8 26. c3 a5 27. Kb1 Rc7 28. Qe5 b4 29. Rd6 Qh1+ 30. Ka2 bxc3 31. Qb5+ Kc8 32. Qe8+ Kb7 33. Qb5+ Kc8 34. Ra6 Rb7 35. Qe8+ Kc7 36. Qxf7+ Kb8 37. Qe8+ Kc7 38. Qe7+ Kb8 39. Qd8# 1-0


[Site "https://www.chess.com"]

[Event "Titled Tuesday Blitz December 27 Early 2022"]
[White "Matveeva, Olga"]
[Black "Atakhan, Abtin"]
[WhiteFideId "24107018"]
[BlackFideId "22502203"]
[WhiteElo "2128"]
[BlackElo "2422"]
[Result "0-1"]
[Round "02"]
[TimeControl "180+2"]
[Date "2022.12.27"]
[WhiteClock "0:00:01"]
[BlackClock "0:00:03"]

1. d4 Nf6 2. c4 g6 3. g3 Bg7 4. Bg2 O-O 5. Nf3 d6 6. O-O c6 7. Nc3 Bf5 8. Nh4 Be6 9. b3 d5 10. cxd5 cxd5 11. Bb2 Nc6 12. Rc1 Rc8 13. Nf3 Ne4 14. e3 Bf5 15. Nh4 Nxc3 16. Rxc3 Be6 17. Qd2 Qd7 18. Rfc1 Bh3 19. Bh1 e6 20. Nf3 h6 21. Ne1 Ne7 22. Nd3 Rxc3 23. Rxc3 Qb5 24. Ba3 Re8 25. Qc1 g5 26. Ne5 Bxe5 27. dxe5 Nc6 28. Bd6 d4 29. Rc5 Qe2 30. Rc2 Qg4 31. f3 Qf5 32. e4 Qg6 33. Bg2 Bxg2 34. Kxg2 g4 35. Qf4 h5 36. Rf2 Rc8 37. h3 gxf3+ 38. Rxf3 Nd8 39. Rf2 d3 40. Qe3 Rc2 41. Qxd3 Rxf2+ 42. Kxf2 Nc6 43. Qf3 Qg5 44. Qf4 Qg6 45. Ke3 a6 46. g4 Kh7 47. gxh5 Qxh5 48. Qg4 Qh6+ 49. Kf3 Nd4+ 50. Kg2 Qd2+ 51. Kg3 Ne2+ 52. Kh4 Qe1+ 53. Kh5 Ng3+ 54. Kg5 Nxe4+ 55. Kh5 Ng3+ 56. Kg5 Nf5 57. Qh5+ Kg7 58. Qg4 Qe3+ 59. Kh5+ Kh7 60. Qg5 Qxh3+ 61. Qh4 Qxh4# 0-1


[Site "https://www.chess.com"]

[Event "Titled Tuesday Blitz December 27 Early 2022"]
[White "Mendez Fortes, Eduardo Jesus"]
[Black "Xiong, Jeffery"]
[WhiteFideId "3502376"]
[BlackFideId "2047640"]
[WhiteElo "2250"]
[BlackElo "2692"]
[Result "0-1"]
[Round "02"]
[TimeControl "180+2"]
[Date "2022.12.27"]
[WhiteClock "0:00:01"]
[BlackClock "0:00:02"]

1. e4 g6 2. d4 Nf6 3. Nc3 d5 4. e5 Ne4 5. Bd3 Nxc3 6. bxc3 c5 7. Nf3 Nc6 8. h3 c4 9. Be2 Qa5 10. Bd2 Bg7 11. O-O f6 12. exf6 exf6 13. Re1 O-O 14. Bf1 Bd7 15. a4 Rfe8 16. Qb1 Rxe1 17. Bxe1 Qc7 18. Bd2 Re8 19. Qb2 Bf8 20. Qb5 Nb4 21. Bf4 Bxb5 22. Bxc7 Na6 23. axb5 Nxc7 24. Rxa7 Nxb5 25. Rxb7 Nxc3 26. Rd7 Rb8 27. g3 Rb2 28. h4 Rb1 29. Nh2 Rc1 30. Ng4 Bg7 31. Rd8+ Kf7 32. Rd7+ Kf8 33. Rd8+ Ke7 34. Rc8 f5 35. Rc7+ Ke6 36. Rxg7 fxg4 37. Rxh7 Ne2+ 38. Kg2 Nxd4 39. Rh6 Kf7 40. h5 gxh5 41. Rxh5 Ke6 42. Rg5 Nxc2 43. Rxg4 Ne1+ 44. Kg1 c3 45. Bh3 Kd6 46. Rg6+ Kc5 47. Bd7 c2 48. Rc6+ Kd4 49. g4 Ra1 0-1


[Site "https://www.chess.com"]